 Dungeon Crawl Stone Soup version 0.29.1-15-g9cfb28693d (webtiles) character file.

Game seed: 13747148506086475868

46 DemonSlayer the Digger (level 3, -1/24 HPs)
             Began as a Demonspawn Earth Elementalist on Mar 21, 2023.
             Hit by a goblin thrown by Robin (2 damage)
             ... on level 2 of the Dungeon.
             The game lasted 00:02:47 (1056 turns).

DemonSlayer the Digger (DsEE)                       Turns: 1056, Time: 00:02:48

Health: -1/24      AC:  0    Str: 10    XL:     3   Next: 46%
Magic:  1/6        EV: 19    Int: 16    God:
Gold:   32         SH:  0    Dex: 18    Spells: 6/7 levels left

rFire   . . .      SeeInvis .   (weapon currently unavailable)
rCold   . . .      Faith    .   (shield currently unavailable)
rNeg    . . .      Spirit   .   (body armour currently unavailable)
rPois   .          Reflect  .   (helmet currently unavailable)
rElec   .          Harm     .   (cloak currently unavailable)
rCorr   .          Rampage  .   (gloves currently unavailable)
Will    .....                   (boots currently unavailable)
Stlth   ++........              (no amulet)
HPRegen 0.08/turn               (ring currently unavailable)
MPRegen 0.10/turn               (ring currently unavailable)

@: bat-form, flying, very quick
A: fast, flying, no casting, tiny, (spiny 1)
a: no special abilities


You were on level 2 of the Dungeon.
You were a bat.
You visited 1 branch of the dungeon, and saw 4 of its levels.

You collected 32 gold pieces.

Inventory:

Hand Weapons
 c - a +0 dagger (melded)
Missiles
 e - a poisoned dart
Armour
 a - a +0 robe (melded)
Scrolls
 d - a scroll of butterflies {unknown}
 h - a scroll of identify {unknown}
 k - a scroll of teleportation {unknown}
Potions
 b - a potion of magic
 f - a potion of invisibility {unknown}
 g - a potion of ambrosia {unknown}
 i - a potion of mutation {unknown}
 j - 2 potions of curing {unknown}


   Skills:
 + Level 0.1 Fighting
 + Level 0.2 Short Blades
 + Level 2.1 Dodging
 + Level 2.1 Stealth
 + Level 2.5 Spellcasting
 + Level 0.8 Transmutations
 + Level 3.2 Earth Magic


You had 6 spell levels left.
You knew the following spells:

 Your Spells              Type           Power      Damage    Failure   Level
a - Sandblast             Erth           24%        2d8       5%          1

Your spell library contained the following spells:

 Spells                   Type           Power      Damage    Failure   Level
 Passwall                 Tmut/Erth      6%         N/A       13%         2
 Stone Arrow              Conj/Erth      14%        3d7       30%         3
 Petrify                  Tmut/Erth      8%         N/A       63%         4


Dungeon Overview and Level Annotations

Branches:
Dungeon (4/15)
 Temple: D:4-7

Altars:

Shops:
D:1 ?

Annotations:
D:1 1 runed translucent door
D:2 Robin


Innate Abilities, Weirdness & Mutations

You are a bat.
You are tiny and dextrous.
You move quickly.
You are flying.
Your equipment is almost entirely melded.
You are incapable of wielding weapons or throwing items.
You cannot cast spells.
((You are partially covered in sharp spines.))


Message History

A goblin comes into view. It is wielding a +0 club.
A goblin comes into view. It is wielding a +0 dagger.
Robin hits you from afar with a +0 trident.
The blast of sand hits Robin but does no damage.
Robin is heavily wounded.
The goblin shouts!
You hear a shout!
You hear an angry hiss.
Robin throws the goblin at you!
A goblin comes into view. It is wielding a +0 dagger. x2
The blast of sand hits the goblin!
You kill the goblin!
Robin looks more healthy.
Robin zaps a wand.
You turn into a bat.
Your +0 dagger melds into your body.
Your +0 robe melds into your body.
A hobgoblin comes into view.
Robin roars a battlecry!
The goblins go into a battle-frenzy!
A hobgoblin comes into view.
A goblin comes into view. It is wielding a +0 club.
The goblin shouts!
Things that are here:
a +0 club; a quokka corpse You hit Robin but do no damage.
Robin is almost dead.
Robin throws the goblin at you! The goblin closely misses you.
The goblin barely misses you.
You hit Robin but do no damage.
Robin is almost dead.
Robin roars a battlecry!
The goblin goes into a battle-frenzy!
The goblin hits you with a +0 dagger. The goblin barely misses you.
Robin throws the goblin at you! The goblin hits you with a +0 dagger.
The goblin misses you.
You see here a poisoned dart.
The goblin hits you with a +0 club.
* * * LOW HITPOINT WARNING * * *
Robin closely misses you.
The goblin no longer looks unusually strong.
Robin throws the goblin at you! The goblin hits you with a +0 club.
* * * LOW HITPOINT WARNING * * *
Robin throws the goblin at you!
You die...

#####..#...#####
.......##.##
#####)..##.#
..(..g.gg.)#
####g.(####
#.gg# ######(.g#
#........#
#.####b#g#
........g.#
...####.### ..#
####


You could see Robin, 2 hobgoblins and 5 goblins.

Vanquished Creatures
  An adder (D:3)
  2 dart slugs (D:3)
  2 bats (D:1)
  3 endoplasms
  A giant cockroach (D:1)
  9 goblins
  3 hobgoblins (D:1)
  3 quokkas
  A frilled lizard (D:1)
  4 rats
29 creatures vanquished.

Notes
Turn   | Place    | Note
-------+----------+-------------------------------------------
     0 | D:1      | DemonSlayer the Demonspawn Earth Elementalist began the
                  | quest for the Orb.
     0 | D:1      | Reached XP level 1. HP: 13/13 MP: 3/3
     1 | D:1      | Found a runed translucent door.
     2 | D:1      | Noticed a jelly
   268 | D:1      | Gained mutation: You are partially covered in sharp spines.
                  | [demonic ancestry]
   268 | D:1      | Reached XP level 2. HP: 18/19 MP: 3/5
   339 | D:1      | Reached skill level 3 in Earth Magic
   616 | D:1      | Found Imnytois's Magic Scroll Boutique.
   942 | D:2      | You fall into a shaft and drop 2 floors!
   974 | D:3      | Reached XP level 3. HP: 24/24 MP: 3/6
  1039 | D:2      | Noticed Robin
  1054 | D:2      | HP: 1/24 [goblin/+0 club[Robin] (4)]
  1056 | D:2      | Hit by a goblin thrown by Robin

Illustrated notes

Levels and vault maps discovered:
D:1:      dpeg_arrival_caged_fury, layout_basic, serial_shops, shop,
          kennysheep_crisscross
D:2:      layout_loops_ring, basic_ecumenical_altar, uniq_robin, uniq_sigmund,
          uniq_natasha
D:3:      layout_rooms, minmay_checkerbox, uniq_jessica, uniq_crazy_yiuf_cottage
D:4:      corexii_shack_village, layout_gridville, jmf_multi_god_temple2,
          nicolae_overflow_hidden_temple, abandoned_shop

Skill      XL: |  1  2 |
---------------+-------+-----
Earth Magic    | 3 |  3.2
Dodging        | 2 |  2.1
Stealth        | 2 |  2.1
Fighting       | |  0.1
Short Blades   | |  0.2
Spellcasting   | |  2.5
Transmutations | |  0.8

Action                   || total
-------------------------++-------
Melee: Dagger            ||     9
       Unarmed           ||     2
Throw: Dart              ||     7
 Cast: Sandblast         ||    31
 Stab: Sleeping          ||     2
Armor: Robe              ||     4
Dodge: Dodged            ||    19
